 Seeded DCSS version 0.30.1-11-g7821555f0a (webtiles) character file.

Game seed: 12756009894327649987 (custom seed)

24413 Psyclone the Destroyer (level 13, -11/99 HPs)
             Began as a Gnoll Conjurer on Nov 6, 2023.
             Was an Initiate of Gozag.
             Mangled by a meliai simulacrum (14 damage)
             ... on level 10 of the Dungeon.
             The game lasted 00:38:39 (14151 turns).

Psyclone the Destroyer (Gnoll Conjurer)            Turns: 14151, Time: 00:38:39

Health: -11/99     AC:  5    Str:  8    XL:     13   Next: 13%
Magic:  15/26      EV: 17    Int: 21    God:    Gozag
Gold:   2321       SH: 11    Dex: 17    Spells: 12/31 levels left

rFire   . . .        x - +1 dagger (venom)
rCold   . . .        z - +0 buckler
rNeg    + . .        n - +0 robe {rPois}
rPois   +            I - +0 helmet
rElec   .            m - +0 cloak
rCorr   .            (no gloves)
SInv    .            (no boots)
Will    .....        b - amulet of reflection
Stlth   ++++         d - ring of positive energy
HPRegen 0.36/turn    r - +6 ring of dexterity
MPRegen 0.20/turn

%: reflection
@: no status effects
A: fangs 1, strong nose, distributed training
a: Renounce Religion, Potion Petition, Call Merchant, Bribe Branch


You were on level 10 of the Dungeon.
You worshipped Gozag.
Gozag was most pleased with you.
You visited 1 branch of the dungeon, and saw 10 of its levels.
You also visited: Ossuary and Bailey.

You collected 4482 gold pieces.
You spent 124 gold pieces at shops.
You paid 2037 gold pieces to Gozag.

Inventory:

Hand Weapons
 x - a +1 dagger of venom (weapon)
Missiles
 i - a throwing net {!f}
Armour
 f - a +2 ring mail of cold resistance
 m - a +0 cloak (worn)
 n - a +0 robe of poison resistance (worn)
 z - a +0 buckler (worn)
 I - a +0 helmet (worn)
Magical Staves
 G - a staff of fire
Jewellery
 b - an amulet of reflection (around neck)
 d - a ring of positive energy (left hand)
 g - a ring of flight
 r - a +6 ring of dexterity (right hand)
 L - a ring of resist corrosion
Wands
 e - a wand of iceblast (3)
 E - a wand of polymorph (5)
 M - a wand of quicksilver (7)
Scrolls
 a - a scroll of torment
 j - 3 scrolls of noise
 k - 3 scrolls of magic mapping
 o - 6 scrolls of enchant weapon
 v - 5 scrolls of immolation {unknown}
 y - a scroll of vulnerability
 C - a scroll of enchant armour
 D - 4 scrolls of poison {unknown}
 F - 2 scrolls of fog {unknown}
 H - a scroll of amnesia {unknown}
 J - 3 scrolls of identify {@r1}
 O - a scroll of teleportation
Potions
 c - 3 potions of ambrosia {unknown}
 h - a potion of might {unknown}
 l - 2 potions of degeneration {unknown}
 p - 8 potions of curing {unknown}
 q - 4 potions of haste {unknown}
 s - 4 potions of attraction {unknown}
 t - a potion of berserk rage {unknown}
 u - 3 potions of invisibility {unknown}
 w - 4 potions of resistance {unknown}
 A - a potion of flight
 B - 3 potions of brilliance
 K - a potion of lignification {unknown}
 N - a potion of mutation {unknown}
 P - a potion of magic


   Skills:
 + Level 8.4 Fighting
 + Level 8.4 Short Blades
 + Level 8.4 Long Blades
 + Level 8.4 Axes
 + Level 8.4 Maces & Flails
 + Level 8.4 Polearms
 + Level 8.4 Staves
 + Level 8.4 Ranged Weapons
 + Level 8.4 Throwing
 + Level 8.4 Armour
 + Level 9.6 Dodging
 + Level 9.4 Stealth
 + Level 8.4 Shields
 + Level 8.4 Unarmed Combat
 + Level 9.8 Spellcasting
 + Level 10.0 Conjurations
 + Level 7.0 Hexes
 + Level 7.0 Summonings
 + Level 7.0 Necromancy
 + Level 7.0 Translocations
 + Level 7.0 Transmutations
 + Level 7.0 Fire Magic
 + Level 7.0 Ice Magic
 + Level 7.0 Air Magic
 + Level 7.0 Earth Magic
 + Level 7.0 Poison Magic
 + Level 9.2 Invocations
 + Level 8.4 Evocations


You had 12 spell levels left.
You knew the following spells:

 Your Spells              Type           Power      Damage    Failure   Level
a - Magic Dart            Conj           100%       1d8       1%          1
b - Searing Ray           Conj           100%       2d8       1%          2
c - Passage of Golubria   Tloc           39%        N/A       4%          4
d - Fulminant Prism       Conj/Hex       23%        3d12      2%          4
e - Iskenderun's Mystic   Conj/Tloc      46%        2d10      2%          4
x - Olgreb's Toxic Radia  Pois           39%        N/A       4%          4

Your spell library contained the following spells:

 Spells                   Type           Power      Damage    Failure   Level
 Call Canine Familiar     Summ           39%        N/A       1%          3
 Dazzling Flash           Conj/Hex       92%        N/A       1%          3
 Hailstorm                Conj/Ice       46%        3d11      1%          3
 Portal Projectile        Hex/Tloc       78%        N/A       1%          3
 Stone Arrow              Conj/Erth      92%        3d12      1%          3
 Tukima's Dance           Hex            39%        N/A       1%          3
 Animate Armour           Summ/Erth      78%        N/A       4%          4
 Ice Form                 Ice/Tmut       39%        N/A       4%          4
 Leda's Liquefaction      Hex/Erth       19%        N/A       4%          4
 Petrify                  Tmut/Erth      39%        N/A       4%          4
 Metabolic Englaciation   Hex/Ice        19%        N/A       14%         5
 Yara's Violent Unravell  Hex/Tmut       19%        3d9       14%         5
 Statue Form              Tmut/Erth      26%        N/A       61%         6
 Discord                  Hex            19%        N/A       100%        8
 Ignition                 Fire           19%        3d7       100%        8
 Lehudib's Crystal Spear  Conj/Erth      23%        10d6      100%        8
 Simulacrum               Ice/Necr       Unusable   N/A       N/A         6

Dungeon Overview and Level Annotations

Branches:
Dungeon (10/15) Zot: 24569  Temple (0/1) D:5            Lair (0/5) D:9
Ossuary (visited)          Bailey (visited)
    Orc: D:9-12

Altars:
Ashenzari
Dithmenos
Gozag
Hepliaklqana
Kikubaaqudgha
Makhleb
Nemelex Xobeh
Okawaru
Ru
Trog
Vehumet
The Shining One

Shops:
D:4 (   D:6 *=   D:7 (*[   D:10 (

Portals:
Trove: D:10 (give horn of Geryon)

Annotations:
D:1 exclusion: downstairs
D:10 kaesle's ghost, journeyman HOFi


Innate Abilities, Weirdness & Mutations

You have very sharp teeth.
Your uncanny sense of smell can sniff out nearby items.
Your experience applies equally to all skills.


Message History

The unseen horror simulacrum attacks as you move away!
You block the unseen horror simulacrum's attack.
The unseen horror simulacrum hits you but does no damage.
Your fulminant prism crackles loudly.
You block the meliai simulacrum's attack.
The meliai simulacrum barely misses you.
You block the unseen horror simulacrum's attack.
Casting: Fulminant Prism (dangerous; 2% risk of failure)
Confirm with . or Enter, or press ? or * to list all spells.
Aiming: Fulminant Prism (dangerous; 2% risk of failure)
Press: ? - help, Dir - move target You conjure a prism of explosive energy!
A fulminant prism comes into view.
You block the unseen horror simulacrum's attack.
The meliai simulacrum barely misses you.
The meliai simulacrum hits you but does no damage.
The unseen horror simulacrum closely misses you.
Your fulminant prism explodes!
The blast of energy engulfs kaesle's ghost!
Kaesle's ghost is moderately damaged.
The meliai simulacrum closely misses you.
The meliai simulacrum hits you! The meliai simulacrum freezes you!
* * * LOW HITPOINT WARNING * * *
You block the unseen horror simulacrum's attack.
You take 14 damage, and have 22/99 hp.
You now have 15/26 mp.
You block the unseen horror simulacrum's attack.
Your fulminant prism crackles loudly.
You hit the unseen horror simulacrum but do no damage.
You bite the unseen horror simulacrum.
The unseen horror simulacrum is lightly damaged.
The unseen horror simulacrum hits you.
* * * LOW HITPOINT WARNING * * *
The unseen horror simulacrum freezes you!
* * * LOW HITPOINT WARNING * * *
You block the meliai simulacrum's attack.
The meliai simulacrum hits you.
* * * LOW HITPOINT WARNING * * *
The meliai simulacrum freezes you!
You die...
Your body crumbles into a pile of gold.

#...#..# ..##...#$......#.#
##..##Z#...∆#...'$.##.###.#
#...#YZ.=.∆#...'.......#.#
#...#YZ..)##...'...#.#.#.#
#..##Z....#...:#...#.#.#.#
##..#.....##....#W*.#.#.#.#
....# ..###....##...#.(.#.#
....## .....W.##ZZ..#####.#
.....# .....###.@########.#
.....## #####.............#
......###.........#########
..................#
....[.............#
####..............#
#.....).....<...#
#...............#
###...............#


You could see kaesle's ghost, an unseen horror simulacrum, a meliai simulacrum
(ally target) and a friendly fulminant prism.

Vanquished Creatures
  A centaur warrior (D:10)
  A two-headed ogre (D:10)
  A tengu warrior (D:10)
  Pikel (D:4)
  A cyclops (D:10)
  An orc knight (D:10)
  An ugly thing (D:10)
  Maggie (D:6)
  A komodo dragon (D:9)
  2 unseen horrors (D:10)
  An efreet (D:10)
  A troll (D:9)
  Prince Ribbit (D:8)
  Sigmund (D:3)
  2 shadows
  A centaur simulacrum (D:10)
  An unseen horror simulacrum (D:10)
  3 wraiths
  15 yaks
  4 wyverns
  2 water moccasins
  6 orc warriors
  4 ice beasts (D:10)
  2 sky beasts (D:6)
  3 black bears (D:5)
  4 ogres
  5 centaurs
  A lemure (D:4)
  An elf zombie (Ossuary)
  2 bullfrogs
  7 kobold brigands
  A gnoll sergeant (D:10)
  3 scorpions
  10 wights
  10 killer bees
  Crazy Yiuf (D:2)
  5 hounds
  3 jellies
  6 orc priests
  2 sleepcaps
  2 gnoll boudas
  5 iguanas
  Terence (D:3)
  10 orc wizards
  2 mummies (Ossuary)
  16 gnolls
  8 adders
  3 white imps
  A howler monkey simulacrum (D:10)
  2 ufetubi
  A worm (D:2)
  2 dart slugs
  21 orcs
  7 ball pythons
  3 bats
  6 endoplasms
  3 giant cockroaches
  10 hobgoblins
  4 quokkas
  3 frilled lizards
  11 goblins
  4 goblin zombies
  10 hobgoblin zombies (Ossuary)
  14 kobolds
  11 kobold zombies (Ossuary)
  7 orc zombies (Ossuary)
  A rat (D:3)
  4 rat zombies (Ossuary)
291 creatures vanquished.

Vanquished Creatures (others)
  58 fulminant prisms
58 creatures vanquished.

Grand Total: 349 creatures vanquished

Notes
Turn   | Place    | Note
-------+----------+-------------------------------------------
     0 | D:1      | Psyclone the Gnoll Conjurer began the quest for the Orb.
     0 | D:1      | Reached XP level 1. HP: 13/13 MP: 6/6
    51 | D:1      | Found a faded altar of an unknown god.
    78 | D:1      | Prayed at the altar of an unknown god.
    78 | D:1      | Became a worshipper of Gozag Ym Sagoz the Greedy
   151 | D:2      | Noticed an orc priest
   236 | D:1      | Reached XP level 2. HP: 15/19 MP: 4/7
   239 | D:1      | Learned a level 2 spell: Searing Ray
  1022 | D:2      | Found a runed translucent door.
  1023 | D:2      | Noticed Crazy Yiuf
  1031 | D:2      | Killed Crazy Yiuf
  1032 | D:2      | Reached skill level 1 in Fighting
  1032 | D:2      | Reached skill level 1 in Short Blades
  1032 | D:2      | Reached skill level 1 in Long Blades
  1032 | D:2      | Reached skill level 1 in Axes
  1032 | D:2      | Reached skill level 1 in Maces & Flails
  1032 | D:2      | Reached skill level 1 in Polearms
  1032 | D:2      | Reached skill level 1 in Staves
  1032 | D:2      | Reached skill level 1 in Ranged Weapons
  1032 | D:2      | Reached skill level 1 in Throwing
  1032 | D:2      | Reached skill level 1 in Armour
  1032 | D:2      | Reached skill level 1 in Shields
  1032 | D:2      | Reached skill level 1 in Unarmed Combat
  1032 | D:2      | Reached skill level 5 in Spellcasting
  1032 | D:2      | Reached skill level 1 in Invocations
  1032 | D:2      | Reached skill level 1 in Evocations
  1032 | D:2      | Reached XP level 3. HP: 10/26 MP: 0/9
  1351 | D:2      | Reached XP level 4. HP: 32/32 MP: 6/11
  1605 | D:2      | Reached skill level 1 in Hexes
  1605 | D:2      | Reached skill level 1 in Summonings
  1605 | D:2      | Reached skill level 1 in Necromancy
  1605 | D:2      | Reached skill level 1 in Translocations
  1605 | D:2      | Reached skill level 1 in Transmutations
  1605 | D:2      | Reached skill level 1 in Fire Magic
  1605 | D:2      | Reached skill level 1 in Ice Magic
  1605 | D:2      | Reached skill level 1 in Air Magic
  1605 | D:2      | Reached skill level 1 in Earth Magic
  1605 | D:2      | Reached skill level 1 in Poison Magic
  1675 | D:2      | Reached XP level 5. HP: 25/37 MP: 5/12
  2607 | D:3      | Learned a level 4 spell: Fulminant Prism
  2612 | D:3      | Learned a level 4 spell: Iskenderun's Mystic Blast
  2686 | D:3      | Noticed Sigmund
  2692 | D:3      | Killed Sigmund
  2693 | D:3      | Reached skill level 5 in Dodging
  2693 | D:3      | Reached XP level 6. HP: 39/44 MP: 4/14
  2768 | D:3      | Noticed Terence
  2783 | D:3      | Killed Terence
  3447 | D:4      | Reached XP level 7. HP: 44/50 MP: 4/15
  3869 | D:4      | Found Posant's Weapon Boutique.
  3903 | D:4      | Noticed Pikel
  3918 | D:4      | Killed Pikel
  3919 | D:4      | Reached skill level 5 in Stealth
  3919 | D:4      | Reached XP level 8. HP: 51/58 MP: 0/17
  4086 | D:4      | Found a hazy altar of Hepliaklqana.
  4202 | D:4      | Found a sparkling altar of Nemelex Xobeh.
  4368 | D:5      | Entered Level 5 of the Dungeon
  4758 | D:5      | Found a staircase to the Ecumenical Temple.
  5386 | D:6      | Reached XP level 9. HP: 65/65 MP: 7/18
  5741 | D:6      | Noticed Maggie
  5808 | D:6      | Reached skill level 8 in Conjurations
  6071 | D:6      | Killed Maggie
  6293 | D:6      | Found a bloodstained altar of Trog.
  6318 | D:6      | Reached skill level 5 in Invocations
  7004 | D:6      | Found Pemol's Serpentskin Sales.
  7114 | D:6      | Bought a +0 robe of poison resistance for 61 gold pieces
  7240 | D:6      | Reached skill level 5 in Fighting
  7240 | D:6      | Reached skill level 5 in Short Blades
  7240 | D:6      | Reached skill level 5 in Long Blades
  7240 | D:6      | Reached skill level 5 in Axes
  7240 | D:6      | Reached skill level 5 in Maces & Flails
  7240 | D:6      | Reached skill level 5 in Polearms
  7240 | D:6      | Reached skill level 5 in Staves
  7240 | D:6      | Reached skill level 5 in Ranged Weapons
  7240 | D:6      | Reached skill level 5 in Throwing
  7240 | D:6      | Reached skill level 5 in Armour
  7240 | D:6      | Reached skill level 5 in Shields
  7240 | D:6      | Reached skill level 5 in Unarmed Combat
  7240 | D:6      | Reached skill level 5 in Evocations
  7240 | D:6      | Reached XP level 10. HP: 64/74 MP: 7/20
  7460 | D:6      | Reached skill level 9 in Conjurations
  7460 | D:6      | Reached skill level 5 in Hexes
  7460 | D:6      | Reached skill level 5 in Summonings
  7460 | D:6      | Reached skill level 5 in Necromancy
  7460 | D:6      | Reached skill level 5 in Translocations
  7460 | D:6      | Reached skill level 5 in Transmutations
  7460 | D:6      | Reached skill level 5 in Fire Magic
  7460 | D:6      | Reached skill level 5 in Ice Magic
  7460 | D:6      | Reached skill level 5 in Air Magic
  7460 | D:6      | Reached skill level 5 in Earth Magic
  7460 | D:6      | Reached skill level 5 in Poison Magic
  7460 | D:6      | Reached XP level 11. HP: 83/83 MP: 20/23
  7461 | D:6      | Reached XP level 12. HP: 91/91 MP: 20/24
  7570 | D:7      | Found a sand-covered staircase.
  7583 | Ossuary  | Entered an ossuary
  7935 | D:7      | Found a flagged portal.
  7945 | D:7      | Found Dinozxoole's Armour Emporium.
  7950 | D:7      | Bought a +0 buckler for 63 gold pieces
  7956 | Bailey   | Entered a bailey
  8404 | Bailey   | Found an iron altar of Okawaru.
  8425 | Bailey   | Identified a scroll of acquirement
  8689 | D:7      | Found a sacrificial altar of Ru.
  9081 | D:7      | Found a faded altar of an unknown god.
  9081 | D:7      | Found a glowing golden altar of the Shining One.
  9088 | D:7      | Found an iron altar of Okawaru.
  9090 | D:7      | Found a radiant altar of Vehumet.
  9092 | D:7      | Found a faded altar of an unknown god.
  9119 | D:7      | Learned a level 4 spell: Olgreb's Toxic Radiance
  9291 | D:8      | Noticed Prince Ribbit
  9299 | D:8      | Killed Prince Ribbit
 10517 | D:9      | Found a staircase to the Lair.
 11463 | D:9      | Found a shadowy altar of Dithmenos.
 11468 | D:9      | Found an ancient bone altar of Kikubaaqudgha.
 11516 | D:9      | Found a burning altar of Makhleb.
 11665 | D:9      | Learned a level 4 spell: Passage of Golubria
 11699 | D:10     | Entered Level 10 of the Dungeon
 11861 | D:10     | Noticed kaesle's ghost (journeyman HOFi)
 12111 | D:10     | Found Keepum's Weapon Emporium.
 12121 | D:10     | Found a runed translucent gate.
 12121 | D:10     | Found a runed translucent gate.
 12121 | D:10     | Found a runed translucent gate.
 12369 | D:10     | Found a broken altar of Ashenzari.
 12369 | D:10     | Found an iron altar of Okawaru.
 12371 | D:10     | Found an ancient bone altar of Kikubaaqudgha.
 12371 | D:10     | Found a bloodstained altar of Trog.
 12563 | D:10     | Noticed a two-headed ogre
 12569 | D:10     | Killed a two-headed ogre
 13024 | D:10     | Noticed a centaur warrior
 13024 | D:10     | Noticed a tengu warrior
 13034 | D:10     | Acquired 1062 gold pieces
 13257 | D:10     | Killed a centaur warrior
 13258 | D:10     | Reached XP level 13. HP: 55/98 MP: 5/26
 13461 | D:10     | Reached skill level 10 in Conjurations
 13542 | D:10     | Found a portal to a secret trove of treasure.
 14151 | D:10     | HP: 4/99 [unseen horror simulacrum (14)]
 14151 | D:10     | Mangled by a meliai simulacrum

Illustrated notes

Levels and vault maps discovered:
D:1:      dpeg_arrival_pits, layout_basic, ebering_ecumenical_altar_box
D:2:      layout_basic, minmay_goblin_outpost, uniq_crazy_yiuf_cottage
D:3:      layout_loops_ring, grunt_ministairs_4, uniq_terence, uniq_sigmund
D:4:      layout_rooms, nicolae_hepliaklqana_hippocampus,
          general_overflow_altar, serial_shops, kennysheep_mini_moat,
          serial_rivers, chequers_serial_rivers_room_b,
          chequers_serial_rivers_small_3, chequers_serial_rivers_micro_e,
          chequers_serial_rivers_micro_c, chequers_serial_rivers_micro_c,
          minivault_26, kennysheep_generic_room_8, uniq_pikel
D:5:      layout_loops_ring, minmay_temple_entry_large_hall
D:6:      layout_cave_pods, lemuel_doored_altar, guppyfry_shop_venom,
          uniq_maggie
D:7:      layout_basic, nicolae_ru_path_of_blood,
          chequers_temple_overflow_minitemple, enter_ossuary_3, enter_bailey_2,
          serial_shops, shop
D:8:      layout_basic, minmay_quadrilaterals, uniq_prince_ribbit1
D:9:      layout_basic, minmay_overflow_temple_star_quad, david_lair_shrubbed
D:10:     minmay_the_grid_octo_2x2 [minmay_the_grid_octo_shrine,
          minmay_the_grid_octo_fan_narrow, minmay_the_grid_octo_checkerflower,
          minmay_the_grid_octo_prize_ultimate_mussel_roller], layout_basic,
          nicolae_trove_entry_columns, gammafunk_ghost_icy, serial_shops,
          nicolae_shop_peninsula

Skill      XL: |  1  2  3  4  5  6  7  8  9 10 11 12 13 |
---------------+----------------------------------------+-----
Fighting       | 1 2 3 5 6 7 8 |  8.4
Short Blades   | 1 2 3 5 6 7 8 |  8.4
Long Blades    | 1 2 3 5 6 7 8 |  8.4
Axes           | 1 2 3 5 6 7 8 |  8.4
Maces & Flails | 1 2 3 5 6 7 8 |  8.4
Polearms       | 1 2 3 5 6 7 8 |  8.4
Staves         | 1 2 3 5 6 7 8 |  8.4
Ranged Weapons | 1 2 3 5 6 7 8 |  8.4
Throwing       | 1 2 3 5 6 7 8 |  8.4
Armour         | 1 2 3 5 6 7 8 |  8.4
Shields        | 1 2 3 5 6 7 8 |  8.4
Unarmed Combat | 1 2 3 5 6 7 8 |  8.4
Spellcasting   | 5 6 7 8 9 |  9.8
Invocations    | 1 2 3 4 5 7 8 9 |  9.2
Evocations     | 1 2 3 5 6 7 8 |  8.4
Hexes          | 1 2 3 4 5 6 7 |  7.0
Summonings     | 1 2 3 4 5 6 7 |  7.0
Necromancy     | 1 2 3 4 5 6 7 |  7.0
Translocations | 1 2 3 4 5 6 7 |  7.0
Transmutations | 1 2 3 4 5 6 7 |  7.0
Fire Magic     | 1 2 3 4 5 6 7 |  7.0
Ice Magic      | 1 2 3 4 5 6 7 |  7.0
Air Magic      | 1 2 3 4 5 6 7 |  7.0
Earth Magic    | 1 2 3 4 5 6 7 |  7.0
Poison Magic   | 1 2 3 4 5 6 7 |  7.0
Dodging        | 5 6 8 9 |  9.6
Stealth        | 5 6 7 8 9 |  9.4
Conjurations   | 8 9 10 | 10.0

Action                     |  1- 3 |  4- 6 |  7- 9 | 10-12 | 13-15 || total
---------------------------+-------+-------+-------+-------+-------++-------
  Melee: Dagger            |       |       |     3 |   204 |     8 ||   215
         Bite              |       |       |     2 |    31 |     2 ||    35
         Punch             |       |       |       |     5 |       ||     5
   Cast: Magic Dart        |    32 |    63 |    27 |    54 |     1 ||   177
         Searing Ray       |     2 |    15 |    43 |    49 |     3 ||   112
         Fulminant Prism   |       |       |    27 |    23 |     9 ||    59
         Iskenderun's Myst |       |       |     3 |    41 |     3 ||    47
         Olgreb's Toxic Ra |       |       |       |     3 |     4 ||     7
 Invoke: Call Merchant     |       |       |       |     3 |       ||     3
    Use: Scroll            |       |       |     5 |    10 |       ||    15
         Potion            |       |       |     3 |     3 |       ||     6
   Stab: Sleeping          |       |       |       |     8 |       ||     8
         Distracted        |       |       |       |     3 |       ||     3
 Armour: Robe              |     1 |       |    13 |    33 |     5 ||    52
  Dodge: Dodged            |     1 |     9 |    62 |   131 |    22 ||   225
  Block: Other             |       |       |    11 |    20 |       ||    31
         Buckler           |       |       |       |    91 |    28 ||   119
         Reflection        |       |       |       |    15 |       ||    15
